 Dungeon Crawl Stone Soup version 0.28-a0-94-g325244837d (webtiles) character file.

Game seed: 4035660048721075969

259 pokeman the Magician (level 5, -2/30 HPs)
             Began as a Deep Elf Hedge Wizard on Aug 7, 2021.
             Frozen to death by an endoplasm (5 damage)
             ... on level 3 of the Dungeon.
             The game lasted 00:04:58 (2562 turns).

pokeman the Magician (Deep Elf Hedge Wizard)        Turns: 2562, Time: 00:04:58

Health: -2/30      AC:  3    Str:  7    XL:     5   Next: 94%
Magic:  9/16       EV: 12    Int: 20    God:
Gold:   59         SH:  0    Dex: 14    Spells: 6/17 levels left

rFire   . . .      SeeInvis .   i - +4 scythe (vorpal)
rCold   . . .      Faith    .   (shield currently unavailable)
rNeg    . . .      Spirit   .   j - +0 leather armour
rPois   .          Reflect  .   c - +0 hat
rElec   .          Harm     .   (no cloak)
rCorr   .          Rampage  .   (no gloves)
Will    .....                   (no boots)
Stlth   ++........              (no amulet)
HPRegen 0.10/turn               f - ring of wizardry
MPRegen 0.15/turn               (no ring)

@: no status effects
A: no striking features
a: no special abilities


You were on level 3 of the Dungeon.
You visited 1 branch of the dungeon, and saw 3 of its levels.

You collected 59 gold pieces.

Inventory:

Hand Weapons
 i - a +4 vorpal scythe (weapon)
Missiles
 g - 33 arrows
 l - 7 curare-tipped darts
Armour
 c - a +0 hat (worn)
 j - a +0 leather armour (worn)
Magical Staves
 k - a staff of death
Jewellery
 f - a ring of wizardry (left hand)
Scrolls
 a - a scroll of blinking {unknown}
 b - a scroll of enchant weapon {unknown}
 d - a scroll of immolation {unknown}
 e - 2 scrolls of enchant armour {unknown}
 h - a scroll of identify {unknown}
 m - a scroll of amnesia {unknown}


   Skills:
 - Level 2.0 Fighting
 + Level 1.8 Armour
 - Level 2.4 Dodging
 - Level 2.4 Stealth
 * Level 6.6 Spellcasting
 + Level 3.0 Conjurations
 - Level 1.1 Summonings
 + Level 0.0 Necromancy
 - Level 1.1 Translocations


You had 6 spell levels left.
You knew the following spells:

 Your Spells              Type           Power      Damage    Failure   Level
a - Magic Dart            Conj           72%        1d6       1%          1
b - Mephitic Cloud        Conj/Pois/Air  10%        N/A       12%         3
c - Call Imp              Summ           11%        N/A       6%          2
d - Blink                 Tloc           N/A        N/A       6%          2
e - Conjure Flame         Conj/Fire      12%        6-21      9%          3

Your spell library contained the following spells:

 Spells                   Type           Power      Damage    Failure   Level
 Sting                    Tmut/Pois      24%        1d4       6%          1
 Slow                     Hex            6%         N/A       9%          2


Dungeon Overview and Level Annotations

Branches:
Dungeon (3/15)

Altars:

Shops:
D:1 ?   D:2 (


Message History

Press: ? - help, Shift-Dir - straight line, f/p - Natasha
Aim: Natasha (almost dead, unusually resistant, 100% to hit)
The magic dart hits Natasha.
You kill Natasha!
Natasha growls in agony!
The crimson imp disappears in a puff of smoke!
The iron imp disappears in a puff of smoke!
The endoplasm freezes you.
You are frozen.
* * * LOW HITPOINT WARNING * * *
A jackal comes into view.
Your Conjurations skill increases to level 3!
The endoplasm freezes you.
You are frozen.
* * * LOW HITPOINT WARNING * * *
A jackal comes into view.
The jackal barely misses you.
The jackal barks!
You slash the jackal!
You kill the jackal!
You hear a bark!
The endoplasm closely misses you.
Your Fighting skill increases to level 2!
Unknown command.
Unknown command.
Reach: i) +4 scythe (vorpal)
Press: ? - help, Dir - move target, f - jackal
Aim: a jackal (about 53% to evade your +4 vorpal scythe)
You reach to attack!
You closely miss the jackal.
A jackal comes into view.
The endoplasm misses you. The endoplasm freezes you.
You are frozen.
* * * LOW HITPOINT WARNING * * *
Casting: Magic Dart (safe; 1% risk of failure)
Confirm with . or Enter, or press ? or * to list all spells.
A shadowy apparition takes form in the air.
The endoplasm freezes you.
You are frozen.
You die...

#.....# ##....#######.
#.....##. #............
#....... #.#..........
#.....# #.##.#.......
#.....#####.#..#.#####.
#.†.h.......#.##.# #.
#.##..h†..#.#.##.# #.
........#J##.#......#
.<
.###.#..#@##.###.####
#. #.#..#........#
#......5#.#####
###..##.#.# #.......#
#########


You could see an endoplasm (ally target), 2 jackals and a friendly shadow imp
(summoned).

Vanquished Creatures
  Sigmund (D:2)
  Natasha (D:3)
  2 adders
  A worm (D:2)
  A dart slug (D:1)
  7 endoplasms
  4 giant cockroaches
  8 goblins
  6 hobgoblins
  A jackal (D:3)
  4 kobolds
  4 quokkas
  5 ball pythons
  3 bats (D:1)
  2 frilled lizards (D:1)
  5 rats
55 creatures vanquished.

Vanquished Creatures (others)
  2 fungi (D:1)
  A plant (D:1)
3 creatures vanquished.

Grand Total: 58 creatures vanquished

Notes
Turn   | Place    | Note
-------+----------+-------------------------------------------
     0 | D:1      | pokeman the Deep Elf Hedge Wizard began the quest for the
                  | Orb.
     0 | D:1      | Reached XP level 1. HP: 10/10 MP: 7/7
   344 | D:1      | Reached XP level 2. HP: 15/15 MP: 5/9
   516 | D:1      | Found a faded altar of an unknown god.
   551 | D:1      | Got Plato's Grimoire of Envenoming
   733 | D:1      | Found Ciomid's Magic Scroll Emporium.
   828 | D:1      | Reached skill level 5 in Spellcasting
   998 | D:1      | Reached XP level 3. HP: 20/20 MP: 9/11
  1002 | D:1      | Learned a level 3 spell: Mephitic Cloud
  1005 | D:1      | Learned a level 2 spell: Call Imp
  1008 | D:1      | Learned a level 2 spell: Blink
  1012 | D:1      | Learned a level 3 spell: Conjure Flame
  1238 | D:2      | Noticed Sigmund
  1358 | D:2      | Killed Sigmund
  1359 | D:2      | Reached skill level 1 in Fighting
  1359 | D:2      | Reached skill level 1 in Armour
  1359 | D:2      | Reached skill level 6 in Spellcasting
  1359 | D:2      | Reached XP level 4. HP: 19/26 MP: 2/14
  1359 | D:2      | Reached XP level 5. HP: 22/30 MP: 2/15
  1551 | D:2      | Found Ywaisuk's Weapon Boutique.
  2547 | D:3      | Noticed Natasha
  2555 | D:3      | Killed Natasha
  2562 | D:3      | Frozen to death by an endoplasm

Illustrated notes

Levels and vault maps discovered:
D:1:      tarquinn_simple_flora_water_d, layout_basic, serial_shops,
          nicolae_shop_temple_entry_statues_fountains,
          shapermc_ecumenical_altar_rom_forum
D:2:      layout_basic, serial_shops, nicolae_shop_statue_plus, uniq_sigmund
D:3:      layout_loops_cross, general_overflow_altar, ebering_ghost_rock_garden,
          minmay_circle_x, uniq_jessica, uniq_natasha

Skill      XL: |  1  2  3  4  5 |
---------------+----------------+-----
Spellcasting   | 5 6 |  6.6
Fighting       | 1 2 |  2.0
Armour         | 1 |  1.8
Conjurations   | 2 3 |  3.0
Dodging        | |  2.4
Stealth        | |  2.4
Summonings     | |  1.1
Translocations | |  1.1

Action                   |  1- 3 |  4- 6 || total
-------------------------+-------+-------++-------
Melee: Short sword       |     1 |     3 ||     4
       Scythe            |       |     7 ||     7
 Cast: Magic Dart        |    66 |    51 ||   117
       Conjure Flame     |     3 |       ||     3
       Mephitic Cloud    |     2 |     1 ||     3
       Call Imp          |       |     1 ||     1
 Stab: Sleeping          |       |     1 ||     1
Armor: Robe              |     2 |     1 ||     3
Dodge: Dodged            |     8 |    13 ||    21

Table legend: (Time is in decaauts)
 A = Elapsed time spent in this place.
 B = Non-inter-level travel time spent in this place.
 C = Inter-level travel time spent in this place.
 D = Time resting spent in this place.
 E = Time spent auto-exploring this place.
 F = Levels seen in this place.
 G = Mean time per level.
                   A        B        C        D        E       F      G
               +--------+--------+--------+--------+--------+-----+--------+
         Total |   2567 |   2541 |     26 |    150 |   2058 |   3 |  855.7 |
       Dungeon |   2567 |   2541 |     26 |    150 |   2058 |   3 |  855.7 |
               +--------+--------+--------+--------+--------+-----+--------+

Top non-repeatable levels by time:
     D:2: 1256 daAuts
     D:1: 1199 daAuts
     D:3: 111 daAuts
